AoeStats
← Scary Shrimp

Oasis

507326925Analyzed
2v2 RM · 14d ago on Sep 17, 2026· 45m 34s· 4 players
Game mode
Random Map
Map size
Medium (4 player)
Population
200
Speed
Normal
Resources
Standard
Victory
Conquest
Starting age
Dark Age
Ending age
Imperial Age
RankedLock teamsTeams togetherTeam positionsShared explorationLock speedFull tech treeHidden civsTurbo modeCheats
Victory
Defeat
🇨🇭 Ethiopians · Switzerland
1324
+9
🇦🇷 Saracens · Argentina
967
+21
🇳🇱 Poles · Netherlands
1134
-15
🇳🇱 Celts · Netherlands
1128
-15
Jeremy Fragrance
9:55 Feudal Age
9:55 Man-at-Arms
10:26 Double-Bit Axe
11:36 Scale Mail Armor
11:48 Forging
12:21 Arson
18:05 Wheelbarrow
17:17 Loom
22:05 Castle Age
20:19 Horse Collar
21:36 Gold Mining
21:43 Stone Mining
22:08 Long Swordsman
22:34 Gambesons
23:14 Chain Mail Armor
25:20 Iron Casting
25:00 Bow Saw
37:14 Hand Cart
41:10 Imperial Age
40:10 Gold Shaft Mining
41:47 Pikeman
43:09 Plate Mail Armor
43:03 Siege Engineers
Scary Shrimp
7:48 Loom
10:14 Feudal Age
11:05 Double-Bit Axe
12:08 Horse Collar
13:57 Bloodlines
15:59 Scale Barding Armor
20:31 Forging
27:49 Wheelbarrow
32:30 Fletching
Pancho
7:08 Loom
9:47 Feudal Age
10:40 Double-Bit Axe
13:46 Fletching
16:50 Padded Archer Armor
18:07 Horse Collar
23:02 Castle Age
23:41 Bodkin Arrow
23:12 Crossbowman
23:58 Heavy Plow
24:12 Bow Saw
24:10 Squires
26:02 Ballistics
30:41 Thumb Ring
36:27 Wheelbarrow
35:37 Town Watch
40:45 Imperial Age
38:30 Hand Cart
38:16 Town Patrol
39:02 Coinage
40:48 Arbalester
41:29 Bracer
41:44 Leather Archer Armor
42:40 Two-Man Saw
41:34 Gold Mining
41:38 Capped Ram
43:36 Chemistry
42:49 Siege Engineers
43:31 Gold Shaft Mining
43:21 Siege Ram
kenagustin1990
7:17 Loom
9:47 Feudal Age
21:14 Castle Age
19:51 Gold Mining
19:43 Horse Collar
19:51 Double-Bit Axe
21:53 Fletching
22:06 Padded Archer Armor
28:55 Bow Saw
41:34 Imperial Age
39:55 Wheelbarrow
39:15 Crossbowman
40:12 Heavy Plow
40:16 Town Watch
41:02 Bodkin Arrow
42:37 Conscription
42:30 Husbandry
44:50 Forging
44:45 Scale Barding Armor
45:45 Bloodlines
46:13 Iron Casting
Connection lost

Rejoining the realm…

Still unreachable

The connection could not be restored.

Session expired

The server has moved on; the page needs a fresh start.